 Dungeon Crawl Stone Soup version 0.30-a0-4-ga7cffc901d (webtiles) character file.

Game seed: 5289518051874001897

9 Setbun the Sneak (level 2, 0/16 HPs)
             Began as a Kobold Enchanter on Aug 20, 2022.
             Slain by an adder (2 damage)
             ... on level 2 of the Dungeon.
             The game lasted 00:00:52 (593 turns).

Setbun the Sneak (Kobold Enchanter)                  Turns: 593, Time: 00:00:53

Health: 0/16       AC:  2    Str:  5    XL:     2   Next: 20%
Magic:  5/5        EV: 15    Int: 16    God:
Gold:   39         SH:  0    Dex: 15    Spells: 3/5 levels left

rFire   . . .      SeeInvis .    a - +1 dagger
rCold   . . .      Faith    .    (no shield)
rNeg    . . .      Spirit   .    b - +0 robe
rPois   .          Reflect  .    (no helmet)
rElec   .          Harm     .    (no cloak)
rCorr   .          Rampage  .    (no gloves)
Will    .....                    (no boots)
Stlth   ++++......               (no amulet)
HPRegen 0.05/turn                (no ring)
MPRegen 0.09/turn                (no ring)

@: no status effects
A: small, no large weapons, nightstalker 3
a: no special abilities


You were on level 2 of the Dungeon.
You visited 1 branch of the dungeon, and saw 2 of its levels.

You collected 39 gold pieces.

Inventory:

Hand Weapons
 a - a +1 dagger (weapon)
Armour
 b - a +0 robe (worn)
Scrolls
 d - a scroll of teleportation {unknown}
Potions
 c - 2 potions of invisibility


   Skills:
 + Level 0.4 Fighting
 + Level 1.6 Short Blades
 + Level 2.5 Dodging
 + Level 4.2 Stealth
 + Level 2.3 Spellcasting
 + Level 3.0 Hexes


You had 3 spell levels left.
You knew the following spells:

 Your Spells              Type           Power      Damage    Failure   Level
a - Ensorcelled Hibernat  Hex/Ice        12%        N/A       16%         2

Your spell library contained the following spells:

 Spells                   Type           Power      Damage    Failure   Level
 Confusing Touch          Hex            11%        N/A       17%         3
 Tukima's Dance           Hex            11%        N/A       17%         3
 Dazzling Flash           Conj/Hex       12%        N/A       32%         3


Dungeon Overview and Level Annotations

Branches:
Dungeon (1/15)

Altars:


Innate Abilities, Weirdness & Mutations

You are small and have problems with some larger weapons.
You are completely attuned to the shadows.


Message History

The adder poisons the bush!
You closely miss the adder.
The adder is heavily wounded.
The adder closely misses you.
The adder bites the bush but does no damage.
You miss the adder.
The adder is heavily wounded.
The adder misses you.
The adder bites the bush but does no damage.
The adder bites you but does no damage.
You hit the adder.
The adder is severely wounded.
The adder bites the bush but does no damage.
The adder closely misses you.
The adder bites the bush but does no damage.
You hit the adder.
The adder is almost dead.
The adder barely misses you.
The adder bites the bush.
You closely miss the adder.
The adder is almost dead.
The adder bites you.
The adder bites the bush but does no damage.
You are too injured to fight recklessly!
You are too injured to fight recklessly!
You are too injured to fight recklessly!
You are too injured to fight recklessly!
You barely miss the adder.
The adder is almost dead.
The adder bites you.
* * * LOW HITPOINT WARNING * * *
The adder bites the bush but does no damage.
You barely miss the adder.
The adder is almost dead.
The adder bites you.
* * * LOW HITPOINT WARNING * * *
The adder bites the bush but does no damage.
You closely miss the adder.
The adder is almost dead.
The bush looks more healthy.
The adder bites you.
You die...

#.......# #.......##
#..#.#...######
###.............#
####...............#
PPPP#..###.###.#.#..#
...S@..#...#.#.#.#..#
.PPP...###.#.#.###..#
PSP#...............#
P.P#...............#
.. #..###.###.###..#
#..#.#...#...#.##
#..#.#.###.###.#
#..............#
#.............[#


You could see 2 adders.

Vanquished Creatures
  2 ball pythons
  2 bats (D:1)
  An endoplasm (D:1)
  2 goblins (D:1)
  A frilled lizard (D:1)
8 creatures vanquished.

Notes
Turn   | Place    | Note
-------+----------+-------------------------------------------
     0 | D:1      | Setbun the Kobold Enchanter began the quest for the Orb.
     0 | D:1      | Reached XP level 1. HP: 10/10 MP: 3/3
   340 | D:1      | Reached XP level 2. HP: 16/16 MP: 5/5
   343 | D:1      | Learned a level 2 spell: Ensorcelled Hibernation
   484 | D:1      | You fall into a shaft and drop 1 floor!
   593 | D:2      | Slain by an adder

Illustrated notes

Levels and vault maps discovered:
D:1:      amcnicky_arrival_blooded_trapdoor, layout_loops_cross,
          chequers_ecumenical_altar_island, minmay_misc_feat_roman, hex_large
D:2:      layout_rooms, serial_shops, nicolae_shop_trees, minmay_hedge_maze,
          grunt_ministairs_5, st_stairs_7, corexii_leaking_fountain,
          minmay_misc_feat_nine_boxes

Action                   || total
-------------------------++-------
Melee: Dagger            ||    27
 Stab: Sleeping          ||     6
Armor: Robe              ||     4
Dodge: Dodged            ||    14

Table legend: (Time is in decaauts)
 A = Elapsed time spent in this place.
 B = Non-inter-level travel time spent in this place.
 C = Inter-level travel time spent in this place.
 D = Time resting spent in this place.
 E = Time spent auto-exploring this place.
 F = Levels seen in this place.
 G = Mean time per level.
                   A        B        C        D        E       F      G
               +--------+--------+--------+--------+--------+-----+--------+
         Total |    591 |    591 |      0 |     98 |    428 |   2 |  295.5 |
       Dungeon |    591 |    591 |      0 |     98 |    428 |   2 |  295.5 |
               +--------+--------+--------+--------+--------+-----+--------+

Top non-repeatable levels by time:
     D:1: 483 daAuts
     D:2: 107 daAuts
